 Dungeon Crawl Stone Soup version 0.27-a0-901-g8736458e1e (webtiles) character file.

Game seed: 3078357144867419302

165 HELP the Stinger (level 5, 0/31 HPs)
             Began as an Octopode Venom Mage on Apr 6, 2021.
             Succumbed to Ijyb's poison
             ... on level 3 of the Dungeon.
             The game lasted 00:10:24 (2626 turns).

HELP the Stinger (Octopode Venom Mage)              Turns: 2626, Time: 00:10:25

Health: 0/31       AC:  1    Str:  7    XL:     5   Next: 46%
Magic:  0/9        EV: 13    Int: 18    God:
Gold:   100        SH:  0    Dex: 13    Spells: 3/9 levels left

rFire    . . .     SeeInvis .   a - +0 short sword
rCold    . . .     Faith    .   (no shield)
rNeg     . . .     Spirit   .   (helmet restricted)
rPois    .         Reflect  .   f - amulet of regeneration
rElec    .         Harm     .   (no ring)
rCorr    .         Rampage  .   (no ring)
Will     .....                  (no ring)
Stlth    +++.......             (no ring)
HPRegen  1.10/turn              (no ring)
MPRegen  0.11/turn              (no ring)
                                (no ring)
                                (no ring)

@: lethally poisoned (0 -> -16)
A: almost no armour, amphibious, 8 rings, camouflage 1, gelatinous body 1,
(nimble swimmer 1), tentacles
a: no special abilities


You were on level 3 of the Dungeon.
You visited 1 branch of the dungeon, and saw 3 of its levels.

You collected 100 gold pieces.

Inventory:

Hand Weapons
 a - a +0 short sword (weapon)
Missiles
 b - 34 bolts
 o - a throwing net
Jewellery
 f - an amulet of regeneration (around mantle)
 k - a +6 ring of strength
Scrolls
 c - 3 scrolls of identify {unknown}
 e - a scroll of teleportation {unknown}
 h - a scroll of enchant weapon {unknown}
 j - a scroll of magic mapping {unknown}
 n - a scroll of immolation {unknown}
 p - a scroll of holy word {unknown}
 q - a scroll of brand weapon {unknown}
Potions
 d - a potion of heal wounds {unknown}
 g - a potion of curing {unknown}
 i - 2 potions of degeneration {unknown}
 l - a potion of lignification {unknown}
 m - a potion of invisibility {unknown}
 r - 2 potions of brilliance {unknown}


   Skills:
 - Level 2.0 Dodging
 - Level 3.8 Stealth
 - Level 2.8 Spellcasting
 + Level 1.2 Transmutations
 + Level 1.2 Fire Magic
 + Level 1.2 Air Magic
 - Level 5.4 Poison Magic


You had 3 spell levels left.
You knew the following spells:

 Your Spells              Type           Power      Damage    Failure   Level
a - Sting                 Tmut/Pois      56%        1d5       4%          1
x - Ignite Poison         Fire/Tmut/Pois 12%        N/A       17%         3
z - Poisonous Vapours     Pois/Air       28%        N/A       6%          2

Your spell library contained the following spells:

 Spells                   Type           Power      Damage    Failure   Level
 Animate Skeleton         Necr           4%         N/A       17%         1
 Apportation              Tloc           4%         N/A       17%         1
 Corona                   Hex            2%         N/A       17%         1
 Summon Small Mammal      Summ           8%         N/A       17%         1
 Mephitic Cloud           Conj/Pois/Air  10%        N/A       21%         3
 Olgreb's Toxic Radiance  Pois           22%        N/A       19%         4


Dungeon Overview and Level Annotations

Branches:
Dungeon (3/15)

Altars:

Annotations:
D:3 Ijyb


Innate Abilities, Weirdness & Mutations

You cannot wear most types of armour.
You are amphibious.
You can wear up to eight rings at the same time.
Your skin changes colour to match your surroundings (Stealth+).
Your rubbery body absorbs attacks. (AC +1, EV +1)
((You are camouflaged near water. (Stealth+)))
You have tentacles for arms and can constrict up to eight enemies at once.


Message History

Casting: Ignite Poison (quite dangerous; 17% risk of failure)
Confirm with . or Enter, or press ? or * to list all spells.
You don't have enough magic to cast this spell.
You are now empty-tentacled.
There is an open door here.
Casting: Ignite Poison (quite dangerous; 17% risk of failure)
Confirm with . or Enter, or press ? or * to list all spells.
You don't have enough magic to cast this spell.
Ijyb grins evilly.
Casting: Ignite Poison (quite dangerous; 17% risk of failure)
Confirm with . or Enter, or press ? or * to list all spells.
Aiming: Poisonous Vapours (safe; 6% risk of failure)
Press: ? - help, Dir - move target, f/p - Ijyb
Aim: Ijyb, wielding a +2 dagger of venom, wearing a +0 chain mail and carrying a wand of random effects (17) (heavily wounded) Poisonous vapours surround Ijyb!
Ijyb is engulfed in poison gas.
Ijyb is poisoned.
Really attack while wielding nothing?
Okay, then.
a - a +0 short sword (weapon)
You hit Ijyb but do no damage. You grab Ijyb.
Ijyb is heavily wounded.
You constrict Ijyb, but do no damage.
Ijyb hits you with a +2 dagger of venom.
You are poisoned.
You hit Ijyb but do no damage.
Ijyb is severely wounded.
You constrict Ijyb, but do no damage.
You feel very sick.
Ijyb hits you with a +2 dagger of venom.
You are more poisoned.
You hit Ijyb but do no damage.
Ijyb is severely wounded.
You constrict Ijyb.
You feel very sick.
Ijyb hits you with a +2 dagger of venom.
You are lethally poisoned!
Ijyb hits you with a +2 dagger of venom.
* * * LOW HITPOINT WARNING * * *
You release your grip on Ijyb.
You die...

#.###########...###..)........
#.............#.#.#.#.#######.
+...............#.#.....######
#...........#.........#...†...
#.#'######.....##.##.....#..##
###.#.# #...###.#...#.###....#
##...#.####.#.#[.........)#.#..#
#.........#...###.#...#.###...##
...###.##.....g.@.##.##.....###
#.# #.##.####.#.........#......
#† #.##.# #.....#.#.....#####
#.##.# ###.#.#.#.#...## # #.##.#
#...###......# #.####.##.#
###......##### #.........#
##.#.#.#
#.##.#..#.#########...#.#
......#.............###.#


You could see Ijyb (poisoned).

Vanquished Creatures
  A howler monkey (D:3)
  4 adders
  A worm (D:2)
  A dart slug (D:1)
  5 orcs (D:3)
  4 ball pythons
  7 bats
  6 endoplasms
  4 giant cockroaches
  7 goblins
  7 hobgoblins
  4 jackals (D:1)
  4 quokkas
  7 frilled lizards
  7 kobolds
  6 rats
75 creatures vanquished.

Notes
Turn   | Place    | Note
-------+----------+-------------------------------------------
     0 | D:1      | HELP the Octopode Venom Mage began the quest for the Orb.
     0 | D:1      | Reached XP level 1. HP: 11/11 MP: 3/3
   192 | D:1      | Reached skill level 4 in Poison Magic
   215 | D:1      | Reached XP level 2. HP: 16/17 MP: 5/5
   218 | D:1      | Learned a level 2 spell: Poisonous Vapours
   556 | D:1      | Reached XP level 3. HP: 21/21 MP: 3/6
  1631 | D:2      | Reached XP level 4. HP: 21/27 MP: 1/7
  1693 | D:2      | Found a faded altar of an unknown god.
  1706 | D:2      | Reached skill level 5 in Poison Magic
  2249 | D:2      | Learned a level 3 spell: Ignite Poison
  2416 | D:3      | Reached XP level 5. HP: 27/31 MP: 6/9
  2593 | D:3      | Reached skill level 1 in Fire Magic
  2593 | D:3      | Reached skill level 1 in Air Magic
  2605 | D:3      | Noticed Ijyb
  2626 | D:3      | Succumbed to Ijyb's poison

Illustrated notes

Levels and vault maps discovered:
D:1:      minmay_arrival_four_loops, layout_basic, hex_medium, minmay_surrounded
D:2:      layout_basic, basic_ecumenical_altar
D:3:      layout_basic, minmay_fractal_squares_5, uniq_ijyb,
          uniq_crazy_yiuf_cottage

Skill      XL: |  1  2  3  4  5 |
---------------+----------------+-----
Poison Magic   | 4 5 |  5.4
Stealth        | 3 |  3.8
Fire Magic     | 1 |  1.2
Air Magic      | 1 |  1.2
Dodging        | |  2.0
Spellcasting   | |  2.8
Transmutations | |  1.2

Action                   |  1- 3 |  4- 6 || total
-------------------------+-------+-------++-------
Melee: Short sword       |    95 |    45 ||   140
       Unarmed           |     6 |       ||     6
       Constrict         |    21 |     9 ||    30
       Tentacles         |    13 |     8 ||    21
 Cast: Sting             |     6 |       ||     6
       Poisonous Vapours |    17 |    17 ||    34
       Ignite Poison     |       |     2 ||     2
 Stab: Sleeping          |     6 |     1 ||     7
Armor: Skin              |    11 |     9 ||    20
Dodge: Dodged            |    94 |    33 ||   127

Table legend: (Time is in decaauts)
 A = Elapsed time spent in this place.
 B = Non-inter-level travel time spent in this place.
 C = Inter-level travel time spent in this place.
 D = Time resting spent in this place.
 E = Time spent auto-exploring this place.
 F = Levels seen in this place.
 G = Mean time per level.
                   A        B        C        D        E       F      G
               +--------+--------+--------+--------+--------+-----+--------+
         Total |   2637 |   2600 |     37 |     51 |   2013 |   3 |  879.0 |
       Dungeon |   2637 |   2600 |     37 |     51 |   2013 |   3 |  879.0 |
               +--------+--------+--------+--------+--------+-----+--------+

Top non-repeatable levels by time:
     D:1: 1488 daAuts
     D:2: 796 daAuts
     D:3: 352 daAuts
